 Dungeon Crawl Stone Soup version 0.27.1-1-g398f81649c (webtiles) character file.

Game seed: 3130425339765137796

388 Rickety the Shield-Bearer (level 6, 0/53 HPs)
             Began as a Gnoll Fighter on Sept 16, 2021.
             Was an Initiate of Cheibriados.
             Slain by a gnoll (3 damage)
             ... on level 4 of the Dungeon.
             The game lasted 00:09:58 (4521 turns).

Rickety the Shield-Bearer (Gnoll Fighter)           Turns: 4521, Time: 00:09:59

Health: 0/53       AC:  7    Str: 18    XL:     6   Next: 79%
Magic:  9/9        EV:  9    Int:  9    God:    Cheibriados [......]
Gold:   124        SH: 11    Dex: 18    Spells: 9/9 levels left

rFire    . . .     SeeInvis .   a - +0 long sword
rCold    . . .     Faith    .   c - +0 kite shield
rNeg     . . .     Spirit   .   x - +0 scale mail
rPois    .         Reflect  .   (no helmet)
rElec    .         Harm     .   (no cloak)
rCorr    .         Rampage  .   (no gloves)
Will     .....                  (no boots)
Stlth    +.........             (no amulet)
HPRegen  0.17/turn              u - +6 ring of dexterity
MPRegen  0.11/turn              (no ring)

@: very slightly contaminated, invisible, very slow
A: fangs 1, strong nose, distributed training
a: Renounce Religion, Bend Time


You were on level 4 of the Dungeon.
You worshipped Cheibriados.
Cheibriados was noncommittal.
You visited 2 branches of the dungeon, and saw 6 of its levels.

You collected 124 gold pieces.

Inventory:

Hand Weapons
 a - a +0 long sword (weapon)
 b - a +0 vorpal hunting sling
 t - a +0 executioner's axe
 v - a +0 morningstar
Missiles
 p - 13 poisoned darts (quivered)
 y - 19 sling bullets
Armour
 c - a +0 kite shield (worn)
 g - a +2 buckler
 x - a +0 scale mail (worn)
Magical Staves
 o - a staff of cold
Jewellery
 u - a +6 ring of dexterity (left hand)
Wands
 m - a wand of mindburst (9)
Scrolls
 e - 3 scrolls of identify {unknown}
 l - a scroll of brand weapon {unknown}
 q - a scroll of fog {unknown}
 r - 2 scrolls of immolation {unknown}
 s - a scroll of magic mapping {unknown}
 z - a scroll of teleportation {unknown}
Potions
 d - a potion of might
 f - 2 potions of curing
 h - a potion of invisibility
 i - 2 potions of heal wounds {unknown}
 j - a potion of haste {unknown}
 k - 3 potions of lignification {unknown}
 n - a potion of flight {unknown}
 w - a potion of degeneration {unknown}


   Skills:
 + Level 6.9 Fighting
 + Level 2.1 Short Blades
 + Level 5.0 Long Blades
 + Level 2.1 Axes
 + Level 2.1 Maces & Flails
 + Level 2.1 Polearms
 + Level 2.1 Staves
 + Level 2.1 Slings
 + Level 2.1 Bows
 + Level 2.1 Crossbows
 + Level 2.1 Throwing
 + Level 6.9 Armour
 + Level 2.1 Dodging
 + Level 2.1 Stealth
 + Level 6.9 Shields
 + Level 2.1 Unarmed Combat
 + Level 2.1 Spellcasting
 + Level 1.6 Conjurations
 + Level 1.6 Hexes
 + Level 1.6 Summonings
 + Level 1.6 Necromancy
 + Level 1.6 Translocations
 + Level 1.6 Transmutations
 + Level 1.6 Fire Magic
 + Level 1.6 Ice Magic
 + Level 1.6 Air Magic
 + Level 1.6 Earth Magic
 + Level 1.6 Poison Magic
 + Level 2.3 Invocations
 + Level 2.1 Evocations


You had 9 spell levels left.
You didn't know any spells.
Your spell library contained the following spells:

 Spells                   Type           Power      Damage    Failure   Level
 Summon Guardian Golem    Hex/Summ       3%         N/A       99%         3
 Orb of Destruction       Conj           1%         N/A       100%        7
 Spellforged Servitor     Conj/Summ      1%         N/A       100%        7


Dungeon Overview and Level Annotations

Branches:
Dungeon (5/15)             Temple (1/1) D:4

Altars:
Ashenzari
Cheibriados
Dithmenos
Elyvilon
Gozag
Hepliaklqana
Kikubaaqudgha
Okawaru
Qazlal
Ru
Sif Muna
Trog
Uskayaw
Vehumet
Xom
The Shining One

Annotations:
D:5 Dowan, Duvessa


Innate Abilities, Weirdness & Mutations

You have very sharp teeth.
Your uncanny sense of smell can sniff out nearby items.
Your experience applies equally to all skills.


Message History

The gnoll hits you with a +0 flail. The gnoll hits you with a +0 flail!
* * * LOW HITPOINT WARNING * * *
Things that are here:
a +0 club; a +0 leather armour You hit the gnoll but do no damage.
You bite the gnoll, but do no damage.
The gnoll is heavily wounded.
The gnoll hits you with a +0 flail!
* * * LOW HITPOINT WARNING * * *
You block the gnoll's attack. The gnoll barely misses you.
The gnoll completely misses you.
You see here a +0 leather armour.
The gnoll hits you with a +0 flail.
* * * LOW HITPOINT WARNING * * *
You closely miss the gnoll.
The gnoll is heavily wounded.
You block the gnoll's attack. x2
You barely miss the gnoll.
The gnoll is heavily wounded.
You block the gnoll's attack. The gnoll closely misses you.
You riposte.
You closely miss the gnoll.
The gnoll is heavily wounded.
You hit the gnoll.
The gnoll is heavily wounded.
The gnoll barely misses you. The gnoll hits you with a +0 flail.
* * * LOW HITPOINT WARNING * * *
It was a potion of invisibility.
You fade into invisibility!
You block the gnoll's attack.
You are very lightly contaminated with residual magic.
You hit the gnoll.
The gnoll is heavily wounded.
The gnoll barely misses you. The gnoll closely misses you.
You hit the gnoll.
The gnoll is severely wounded.
The gnoll closely misses you. The gnoll hits you but does no damage.
You closely miss the gnoll.
The gnoll is severely wounded.
The gnoll hits you with a +0 flail.
You die...

###### #####....#
#........# #........#
#####.....####
...##.....##############
...##.............##..)#
...##......######.##)#.#
................@g.)>#.#
...##......######.####.#
..)#######.######.# #.#
#### #.##.....# #.# #
######.##.###.# #.# #
#....#.##.# #.# #.#
#####....#.##.########.#
#........>.....#.......#
#.###....#..#..#.#######


You could see a gnoll (fast).

Vanquished Creatures
  A bullfrog (D:4)
  A scorpion (D:4)
  2 hounds (D:4)
  A gnoll shaman (D:4)
  An iguana (D:4)
  A gnoll (D:4)
  5 adders
  A white imp (D:3)
  5 worms
  2 dart slugs
  3 orcs
  7 endoplasms
  2 giant cockroaches
  9 goblins
  2 hobgoblins
  3 jackals (D:3)
  4 kobolds
  4 quokkas
  6 ball pythons
  5 bats
  3 frilled lizards
  7 rats
75 creatures vanquished.

Vanquished Creatures (others)
  3 toadstools (D:5)
3 creatures vanquished.

Grand Total: 78 creatures vanquished

Notes
Turn   | Place    | Note
-------+----------+-------------------------------------------
     0 | D:1      | Rickety the Gnoll Fighter began the quest for the Orb.
     0 | D:1      | Reached XP level 1. HP: 23/23 MP: 1/1
     6 | D:1      | Noticed a wyvern
     6 | D:1      | Noticed a water moccasin
     7 | D:1      | Noticed a komodo dragon
     7 | D:1      | Noticed a redback
   226 | D:1      | Reached XP level 2. HP: 28/29 MP: 2/2
   447 | D:1      | Reached XP level 3. HP: 35/35 MP: 3/3
   858 | D:2      | Found a faded altar of an unknown god.
  1071 | D:2      | Reached skill level 1 in Invocations
  1115 | D:2      | Reached skill level 1 in Short Blades
  1115 | D:2      | Reached skill level 1 in Axes
  1115 | D:2      | Reached skill level 1 in Maces & Flails
  1115 | D:2      | Reached skill level 1 in Polearms
  1115 | D:2      | Reached skill level 1 in Staves
  1115 | D:2      | Reached skill level 1 in Slings
  1115 | D:2      | Reached skill level 1 in Bows
  1115 | D:2      | Reached skill level 1 in Crossbows
  1115 | D:2      | Reached skill level 1 in Throwing
  1115 | D:2      | Reached skill level 1 in Dodging
  1115 | D:2      | Reached skill level 1 in Stealth
  1115 | D:2      | Reached skill level 1 in Unarmed Combat
  1115 | D:2      | Reached skill level 1 in Spellcasting
  1115 | D:2      | Reached skill level 1 in Evocations
  1292 | D:2      | Reached XP level 4. HP: 40/41 MP: 5/5
  1889 | D:3      | Reached skill level 1 in Conjurations
  1889 | D:3      | Reached skill level 1 in Hexes
  1889 | D:3      | Reached skill level 1 in Summonings
  1889 | D:3      | Reached skill level 1 in Necromancy
  1889 | D:3      | Reached skill level 1 in Translocations
  1889 | D:3      | Reached skill level 1 in Transmutations
  1889 | D:3      | Reached skill level 1 in Fire Magic
  1889 | D:3      | Reached skill level 1 in Ice Magic
  1889 | D:3      | Reached skill level 1 in Air Magic
  1889 | D:3      | Reached skill level 1 in Earth Magic
  1889 | D:3      | Reached skill level 1 in Poison Magic
  2316 | D:3      | Reached XP level 5. HP: 42/47 MP: 5/7
  2601 | D:4      | Found a staircase to the Ecumenical Temple.
  2661 | Temple   | Entered the Ecumenical Temple
  2757 | Temple   | Became a worshipper of Cheibriados the Contemplative
  3649 | D:4      | Reached XP level 6. HP: 44/53 MP: 8/8
  3934 | D:5      | Entered Level 5 of the Dungeon
  3934 | D:5      | Noticed Dowan
  4023 | D:4      | Reached skill level 5 in Long Blades
  4429 | D:5      | Noticed Duvessa
  4517 | D:4      | HP: 2/53 [gnoll (2)]
  4521 | D:4      | Slain by a gnoll

Illustrated notes

Levels and vault maps discovered:
D:1:      onia_arrival_zoo_common, layout_rooms
D:2:      layout_loops_ring, dreamdust_ecumenical_altar_statues
D:3:      layout_rooms, minmay_misc_feat_five
D:4:      layout_basic, temple_pool_b, nrook_loot_triangle
D:5:      layout_basic, mainiacjoe_overflow_six_doors_small,
          mainiacjoe_overflow_catch_the_wave, st_stairs_3,
          minmay_gold_behind_fungi, uniq_pikel, uniq_crazy_yiuf_cottage,
          uniq_duvessa
Temple:   nicolae_temple_elliptical

Skill      XL: |  1  2  3  4  5  6 |
---------------+-------------------+-----
Invocations    | 1 2 |  2.3
Short Blades   | 1 2 |  2.1
Axes           | 1 2 |  2.1
Maces & Flails | 1 2 |  2.1
Polearms       | 1 2 |  2.1
Staves         | 1 2 |  2.1
Slings         | 1 2 |  2.1
Bows           | 1 2 |  2.1
Crossbows      | 1 2 |  2.1
Throwing       | 1 2 |  2.1
Dodging        | 1 2 |  2.1
Stealth        | 1 2 |  2.1
Unarmed Combat | 1 2 |  2.1
Spellcasting   | 1 2 |  2.1
Evocations     | 1 2 |  2.1
Conjurations   | 1 |  1.6
Hexes          | 1 |  1.6
Summonings     | 1 |  1.6
Necromancy     | 1 |  1.6
Translocations | 1 |  1.6
Transmutations | 1 |  1.6
Fire Magic     | 1 |  1.6
Ice Magic      | 1 |  1.6
Air Magic      | 1 |  1.6
Earth Magic    | 1 |  1.6
Poison Magic   | 1 |  1.6
Long Blades    | 5 |  5.0
Fighting       | |  6.9
Armour         | |  6.9
Shields        | |  6.9

Action                   |  1- 3 |  4- 6 || total
-------------------------+-------+-------++-------
Melee: Long sword        |   111 |   155 ||   266
       Bite              |    12 |    21 ||    33
  Use: Potion            |       |     2 ||     2
Armor: Scale mail        |    46 |    65 ||   111
Dodge: Dodged            |    34 |    63 ||    97
Block: Kite shield       |    65 |   117 ||   182
       Rpst.: Long sword |    15 |    25 ||    40
